[ AOE2 MATCH · #505488087 ]
UnrankedSicilians vs Shu
Player's team · LOSS
Rival team · WIN
[ REPLAY ANALYSIS · EXTRACTED FROM THE RECORDED GAME ]
Feudal
10:33
Castle
21:57
Imperial
—
| APM avg | 79.2 |
| APM peak | 144 |
| eAPM avg | 44.2 |
| Villagers / military | 117 / 45 |
Focus
⚔️ 62.9% · 🌾 37.1%
Archer ×33 · Militia ×3 · Mangonel ×3 · Skirmisher ×3 · Serjeant ×2 · Battering Ram ×1
Feudal
12:38
Castle
19:40
Imperial
—
| APM avg | 66.3 |
| APM peak | 89 |
| eAPM avg | 32.8 |
| Villagers / military | 146 / 25 |
Focus
⚔️ 37.0% · 🌾 63.0%
Skirmisher ×6 · Mangonel ×5 · Monk ×4 · Archer ×4 · Militia ×3 · Battering Ram ×3
Match map
Initial resources + every placement click. Lines = walls · curves = elevation contours. ◆ gold · ⬟ stone · ● berries · ✦ relic · ◌ wall gap
Your base· ✓ Closed at 21:57 · 46t walls · 1 gate(s)
_Barles_'s base· Open — opponent sealed themselves in
Smoothed initial terrain · ◌ = detected wall gap · hover for details
Inputs per minute
— DS_Overtaken - - _Barles_
Build order — DS_Overtaken
First 150 of 285 actions detected
| 0:00 | Create | Villager (Male) |
| 0:01 | Create | Villager (Male) |
| 0:01 | Create | Villager (Male) |
| 0:02 | Build | House |
| 0:03 | Build | House |
| 0:35 | Create | Villager (Male) |
| 1:28 | Create | Villager (Male) |
| 1:50 | Build | Lumber Camp |
| 1:52 | Build | Lumber Camp |
| 1:58 | Create | Villager (Male) |
| 2:19 | Create | Villager (Male) |
| 2:50 | Create | Villager (Male) |
| 3:14 | Create | Villager (Male) |
| 3:37 | Build | House |
| 3:40 | Create | Villager (Male) |
| 4:06 | Create | Villager (Male) |
| 4:30 | Build | Barracks |
| 4:31 | Create | Villager (Male) |
| 4:48 | Create | Villager (Male) |
| 5:05 | Build | House |
| 5:16 | Create | Villager (Male) |
| 5:24 | Create | Militia |
| 5:43 | Create | Villager (Male) |
| 5:44 | Create | Militia |
| 5:52 | Build | House |
| 6:14 | Create | Villager (Male) |
| 6:30 | Build | Palisade Wall |
| 6:39 | Research | Loom |
| 6:47 | Create | Villager (Male) |
| 7:11 | Create | Villager (Male) |
| 7:14 | Build | Mill |
| 7:30 | Create | Villager (Male) |
| 7:49 | Build | Mining Camp |
| 8:23 | Research | Feudal Age |
| 8:23 | Research | Feudal Age |
| 8:23 | Research | Feudal Age |
| 8:27 | Build | Palisade Wall |
| 8:28 | Build | Palisade Wall |
| 8:29 | Build | Palisade Wall |
| 8:31 | Build | Palisade Wall |
| 8:58 | Create | Militia |
| 9:03 | Build | Mill |
| 9:28 | Build | House |
| 10:14 | Create | Villager (Male) |
| 10:33 | Age | Feudal Age |
| 10:34 | Build | Archery Range |
| 10:35 | Research | Man-at-Arms (upgrade) |
| 10:49 | Research | Double-Bit Axe |
| 10:49 | Research | Double-Bit Axe |
| 11:01 | Create | Villager (Male) |
| 11:03 | Build | Palisade Wall |
| 11:17 | Build | Farm |
| 11:18 | Create | Archer |
| 11:19 | Build | House |
| 11:20 | Build | Palisade Wall |
| 11:23 | Create | Villager (Male) |
| 11:27 | Build | Farm |
| 11:29 | Build | Farm |
| 11:44 | Create | Villager (Male) |
| 11:54 | Create | Archer |
| 12:05 | Build | Palisade Wall |
| 12:11 | Build | Farm |
| 12:12 | Create | Villager (Male) |
| 12:13 | Build | Farm |
| 12:40 | Create | Villager (Male) |
| 12:42 | Build | Farm |
| 12:46 | Create | Archer |
| 13:00 | Build | House |
| 13:02 | Create | Villager (Male) |
| 13:06 | Build | Blacksmith |
| 13:18 | Create | Villager (Male) |
| 13:22 | Build | House |
| 13:27 | Build | Palisade Wall |
| 13:28 | Build | Palisade Wall |
| 13:30 | Build | Palisade Wall |
| 13:33 | Create | Villager (Male) |
| 13:34 | Build | Palisade Wall |
| 13:40 | Create | Villager (Male) |
| 13:42 | Create | Archer |
| 13:48 | Build | Farm |
| 13:51 | Research | Fletching |
| 13:52 | Create | Villager (Male) |
| 13:57 | Build | House |
| 14:03 | Build | House |
| 14:03 | Build | Palisade Wall |
| 14:09 | Build | Palisade Gate |
| 14:14 | Create | Villager (Male) |
| 14:16 | Create | Skirmisher |
| 14:36 | Create | Archer |
| 14:40 | Create | Villager (Male) |
| 14:49 | Build | Farm |
| 14:54 | Create | Skirmisher |
| 14:56 | Create | Villager (Male) |
| 15:08 | Build | Lumber Camp |
| 15:12 | Build | Palisade Wall |
| 15:17 | Create | Villager (Male) |
| 15:20 | Build | Palisade Wall |
| 15:20 | Build | Palisade Wall |
| 15:21 | Build | Palisade Wall |
| 15:39 | Build | Farm |
| 15:43 | Create | Archer |
| 15:53 | Create | Villager (Male) |
| 16:00 | Create | Villager (Male) |
| 16:02 | Build | Palisade Wall |
| 16:05 | Create | Villager (Male) |
| 16:09 | Research | Horse Collar |
| 16:10 | Research | Horse Collar |
| 16:17 | Create | Archer |
| 16:28 | Create | Villager (Male) |
| 16:31 | Build | Farm |
| 16:40 | Build | Farm |
| 16:47 | Create | Archer |
| 16:59 | Build | Farm |
| 17:04 | Build | Farm |
| 17:10 | Create | Villager (Male) |
| 17:11 | Research | Padded Archer Armor |
| 17:20 | Build | Farm |
| 17:28 | Create | Villager (Male) |
| 17:28 | Create | Archer |
| 17:31 | Build | Farm |
| 18:04 | Create | Villager (Male) |
| 18:05 | Create | Archer |
| 18:11 | Create | Archer |
| 18:22 | Create | Villager (Male) |
| 18:39 | Build | Archery Range |
| 18:40 | Build | Farm |
| 18:40 | Build | Farm |
| 19:12 | Create | Skirmisher |
| 19:15 | Build | Farm |
| 19:17 | Research | Castle Age |
| 19:17 | Research | Castle Age |
| 19:34 | Create | Archer |
| 19:44 | Build | Farm |
| 19:51 | Research | Gold Mining |
| 19:51 | Research | Gold Mining |
| 20:10 | Create | Archer |
| 20:11 | Create | Archer |
| 20:17 | Create | Archer |
| 20:23 | Create | Villager (Male) |
| 20:38 | Build | House |
| 20:45 | Create | Archer |
| 20:46 | Create | Archer |
| 21:00 | Create | Archer |
| 21:08 | Research | Wheelbarrow |
| 21:57 | Age | Castle Age |
| 22:00 | Build | Town Center |
| 22:04 | Build | Town Center |
| 22:06 | Research | Bow Saw |
| 22:07 | Research | Crossbowman (upgrade) |
| 22:08 | Research | Bodkin Arrow |
Build order — _Barles_
First 150 of 269 actions detected
| 0:01 | Create | Villager (Male) |
| 0:02 | Build | House |
| 0:03 | Build | House |
| 0:09 | Create | Villager (Male) |
| 0:27 | Create | Villager (Male) |
| 0:36 | Create | Villager (Male) |
| 1:27 | Create | Villager (Male) |
| 1:56 | Build | Lumber Camp |
| 1:59 | Create | Villager (Male) |
| 2:09 | Create | Villager (Male) |
| 2:44 | Create | Villager (Male) |
| 3:03 | Create | Villager (Male) |
| 3:34 | Create | Villager (Male) |
| 3:52 | Build | House |
| 4:06 | Create | Villager (Male) |
| 4:15 | Create | Villager (Male) |
| 4:39 | Build | Barracks |
| 4:42 | Create | Villager (Male) |
| 5:00 | Build | House |
| 5:13 | Create | Villager (Male) |
| 5:30 | Create | Villager (Male) |
| 5:32 | Create | Militia |
| 5:47 | Build | House |
| 5:51 | Create | Militia |
| 5:57 | Create | Villager (Male) |
| 6:18 | Create | Militia |
| 6:22 | Create | Villager (Male) |
| 6:23 | Build | Mill |
| 6:49 | Create | Villager (Male) |
| 7:19 | Build | Palisade Wall |
| 7:20 | Build | Palisade Wall |
| 7:22 | Build | Palisade Wall |
| 7:23 | Build | Palisade Wall |
| 7:23 | Build | Palisade Wall |
| 7:24 | Build | Palisade Wall |
| 7:25 | Create | Villager (Male) |
| 7:38 | Build | Palisade Wall |
| 7:40 | Build | Palisade Wall |
| 7:47 | Build | Palisade Wall |
| 7:49 | Build | Palisade Wall |
| 7:58 | Create | Villager (Male) |
| 8:07 | Build | Farm |
| 8:15 | Create | Villager (Male) |
| 8:25 | Build | Palisade Wall |
| 8:40 | Create | Villager (Male) |
| 8:47 | Build | Palisade Wall |
| 8:51 | Build | Farm |
| 9:00 | Create | Villager (Male) |
| 9:01 | Build | House |
| 9:20 | Build | Mining Camp |
| 9:31 | Create | Villager (Male) |
| 9:33 | Build | Palisade Wall |
| 9:34 | Build | Palisade Wall |
| 9:37 | Research | Loom |
| 9:41 | Build | Farm |
| 9:48 | Build | Palisade Wall |
| 10:11 | Research | Feudal Age |
| 10:22 | Build | Farm |
| 10:24 | Build | Farm |
| 10:47 | Build | House |
| 10:52 | Build | House |
| 10:53 | Build | House |
| 10:54 | Build | Palisade Wall |
| 11:13 | Build | Farm |
| 11:15 | Build | Lumber Camp |
| 11:21 | Create | Villager (Male) |
| 11:50 | Build | Farm |
| 11:52 | Build | Farm |
| 12:22 | Build | Palisade Wall |
| 12:38 | Age | Feudal Age |
| 12:40 | Build | Archery Range |
| 12:51 | Research | Double-Bit Axe |
| 12:52 | Research | Double-Bit Axe |
| 12:52 | Create | Villager (Male) |
| 13:11 | Create | Villager (Male) |
| 13:24 | Build | Blacksmith |
| 13:35 | Build | Palisade Wall |
| 13:39 | Create | Skirmisher |
| 13:52 | Create | Archer |
| 13:53 | Create | Villager (Male) |
| 13:58 | Create | Villager (Male) |
| 14:01 | Research | Fletching |
| 14:01 | Research | Fletching |
| 14:04 | Build | Farm |
| 14:23 | Create | Archer |
| 14:25 | Create | Villager (Male) |
| 14:28 | Build | Farm |
| 14:40 | Build | Farm |
| 14:51 | Create | Skirmisher |
| 14:54 | Create | Villager (Male) |
| 15:00 | Build | Farm |
| 15:13 | Build | Farm |
| 15:13 | Create | Villager (Male) |
| 15:18 | Build | House |
| 15:28 | Build | Farm |
| 15:40 | Create | Villager (Male) |
| 15:44 | Build | House |
| 15:50 | Create | Villager (Male) |
| 15:58 | Create | Skirmisher |
| 16:02 | Build | House |
| 16:30 | Create | Villager (Male) |
| 16:32 | Create | Archer |
| 16:35 | Build | House |
| 17:00 | Research | Castle Age |
| 17:02 | Create | Archer |
| 17:07 | Build | House |
| 17:12 | Build | House |
| 17:14 | Build | Palisade Wall |
| 17:35 | Research | Padded Archer Armor |
| 17:36 | Create | Skirmisher |
| 18:08 | Create | Skirmisher |
| 18:19 | Create | Skirmisher |
| 18:28 | Research | Horse Collar |
| 18:55 | Build | House |
| 19:21 | Create | Villager (Male) |
| 19:40 | Age | Castle Age |
| 19:42 | Create | Villager (Male) |
| 19:44 | Research | Bodkin Arrow |
| 20:09 | Build | Town Center |
| 20:10 | Create | Villager (Male) |
| 20:12 | Build | Town Center |
| 20:15 | Research | Bow Saw |
| 20:15 | Research | Bow Saw |
| 20:17 | Create | Villager (Male) |
| 20:33 | Build | House |
| 20:33 | Build | House |
| 20:35 | Create | Villager (Male) |
| 20:54 | Research | Heavy Plow |
| 20:57 | Create | Villager (Male) |
| 21:23 | Create | Villager (Male) |
| 21:35 | Create | Villager (Male) |
| 21:36 | Create | Villager (Male) |
| 21:43 | Build | House |
| 21:49 | Build | House |
| 21:53 | Build | House |
| 21:55 | Build | House |
| 21:57 | Create | Villager (Male) |
| 21:57 | Create | Villager (Male) |
| 21:59 | Research | Town Watch |
| 22:00 | Create | Villager (Male) |
| 22:06 | Build | Siege Workshop |
| 22:10 | Create | Villager (Male) |
| 22:17 | Build | House |
| 22:20 | Build | Stone Wall |
| 22:25 | Create | Villager (Male) |
| 22:32 | Build | Farm |
| 22:33 | Create | Villager (Male) |
| 22:35 | Build | Farm |
| 22:35 | Build | Farm |
| 22:50 | Create | Mangonel |
Match timeline
| 4:30 | DS_Overtaken · first_building Barracks |
| 4:39 | _Barles_ · first_building Barracks |
| 6:30 | DS_Overtaken · wall_segment Palisade Wall x4 |
| 7:19 | _Barles_ · wall_segment Palisade Wall x1 |
| 7:20 | _Barles_ · wall_segment Palisade Wall x1 |
| 7:22 | _Barles_ · wall_segment Palisade Wall x3 |
| 7:23 | _Barles_ · wall_segment Palisade Wall x1 |
| 7:23 | _Barles_ · wall_segment Palisade Wall x1 |
| 7:24 | _Barles_ · wall_segment Palisade Wall x1 |
| 7:38 | _Barles_ · wall_segment Palisade Wall x2 |
| 7:40 | _Barles_ · wall_segment Palisade Wall x2 |
| 7:47 | _Barles_ · wall_segment Palisade Wall x1 |
| 7:49 | _Barles_ · wall_segment Palisade Wall x1 |
| 8:25 | _Barles_ · wall_segment Palisade Wall x1 |
| 8:27 | DS_Overtaken · wall_segment Palisade Wall x1 |
| 8:28 | DS_Overtaken · wall_segment Palisade Wall x1 |
| 8:29 | DS_Overtaken · wall_segment Palisade Wall x1 |
| 8:31 | DS_Overtaken · wall_segment Palisade Wall x1 |
| 8:47 | _Barles_ · wall_segment Palisade Wall x4 |
| 9:33 | _Barles_ · wall_segment Palisade Wall x5 |
| 9:34 | _Barles_ · wall_segment Palisade Wall x1 |
| 9:48 | _Barles_ · wall_segment Palisade Wall x1 |
| 10:33 | DS_Overtaken · age_up feudal |
| 10:34 | DS_Overtaken · first_building Archery Range |
| 10:54 | _Barles_ · wall_segment Palisade Wall x1 |
| 11:03 | DS_Overtaken · wall_segment Palisade Wall x2 |
| 11:20 | DS_Overtaken · wall_segment Palisade Wall x1 |
| 12:05 | DS_Overtaken · wall_segment Palisade Wall x2 |
| 12:22 | _Barles_ · wall_segment Palisade Wall x1 |
| 12:38 | _Barles_ · age_up feudal |
| 12:40 | _Barles_ · first_building Archery Range |
| 13:27 | DS_Overtaken · wall_segment Palisade Wall x1 |
| 13:28 | DS_Overtaken · wall_segment Palisade Wall x1 |
| 13:30 | DS_Overtaken · wall_segment Palisade Wall x1 |
| 13:34 | DS_Overtaken · wall_segment Palisade Wall x2 |
| 13:35 | _Barles_ · wall_segment Palisade Wall x2 |
| 14:03 | DS_Overtaken · wall_segment Palisade Wall x5 |
| 15:12 | DS_Overtaken · wall_segment Palisade Wall x7 |
| 15:20 | DS_Overtaken · wall_segment Palisade Wall x1 |
| 15:20 | DS_Overtaken · wall_segment Palisade Wall x1 |
| 15:21 | DS_Overtaken · wall_segment Palisade Wall x5 |
| 16:02 | DS_Overtaken · wall_segment Palisade Wall x9 |
| 17:14 | _Barles_ · wall_segment Palisade Wall x1 |
| 19:40 | _Barles_ · age_up castle |
| 21:57 | DS_Overtaken · age_up castle |
| 22:06 | _Barles_ · first_building Siege Workshop |
| 22:20 | _Barles_ · wall_segment Stone Wall x1 |
| 23:07 | _Barles_ · first_building Monastery |
| 23:24 | DS_Overtaken · wall_segment Palisade Wall x1 |
| 23:55 | DS_Overtaken · first_building Donjon |
| 25:25 | DS_Overtaken · first_building Siege Workshop |
| 25:35 | _Barles_ · first_market_buy 100 food |
| 31:20 | _Barles_ · first_building Castle |
| 31:46 | DS_Overtaken · first_building Castle |
| 33:04 | DS_Overtaken · resign |
[ AI ANALYSIS · 1 CREDIT ]
What really happened in this match?
Wolo.gg analyzes every decision: build order, eco, micro, common mistakes by bracket. Personalized analysis on WhatsApp or Discord in 30 seconds.
Civ guide
Sicilians
Perfil
Jugador #4632681